 Dungeon Crawl Stone Soup version 0.22.0-38-g04b72b8c25 (webtiles) character file.

3310 P0NYSLAYSTATION the Spear-Bearer (level 10, -7/86 HPs)
             Began as a Hill Orc Fighter on Aug 27, 2018.
             Was a Priest of Beogh.
             Mangled by a two-headed ogre
             ... wielding a +3 dire flail of protection
              (14 damage)
             ... on level 9 of the Dungeon.
             The game lasted 00:31:05 (7777 turns).

P0NYSLAYSTATION the Spear-Bearer (Hill Orc Fighter) Turns: 7777, Time: 00:31:06

Health: -7/86      AC: 10    Str: 23    XL:     10   Next: 1%
Magic:  7/10       EV: 11    Int:  8    God:    Beogh [***...]
Gold:   415        SH: 13    Dex: 12    Spells: 9/9 levels left

rFire    + . .     SeeInvis .   F - +2 spear (vamp)
rCold    . . .     Gourm    .   c - +2 shield
rNeg     . . .     Faith    +   k - +3 ring mail
rPois    .         Spirit   .   g - +0 helmet
rElec    .         Reflect  .   x - scarf {cloud immunity}
rCorr    .         Harm     .   (no gloves)
MR       .....                  (no boots)
Stlth    +.........             o - amulet of faith
HPRegen  0.24/turn              i - +2 ring of dexterity
MPRegen  0.12/turn              D - ring of protection from fire

@: no status effects
A: no striking features
a: Smiting, Renounce Religion


You were on level 9 of the Dungeon.
You worshipped Beogh.
Beogh was most pleased with you.
You were not hungry.

You visited 1 branch of the dungeon, and saw 9 of its levels.

You collected 553 gold pieces.
You spent 138 gold pieces at shops.

Inventory:

Hand Weapons
 a - a +0 trident
 e - a +2 flail of protection
 A - a +1 dagger of venom
 C - a +0 flail of crushing
 E - a cursed -1 war axe
 F - a +2 vampiric spear (weapon)
Missiles
 d - 2 javelins (quivered)
 u - 20 tomahawks
 y - a throwing net
Armour
 b - a +0 scale mail
 c - a +2 shield (worn)
 g - a +0 helmet (worn)
 k - a +3 ring mail (worn)
 x - a scarf of cloud immunity (worn)
Jewellery
 i - a +2 ring of dexterity (left hand)
 o - an amulet of faith (around neck)
 D - a ring of protection from fire (right hand)
 H - an uncursed ring of flight
Wands
 p - a wand of disintegration (6)
 q - a wand of digging (12)
Scrolls
 h - 2 scrolls of magic mapping
 l - 6 scrolls of teleportation
 r - 4 scrolls of remove curse
 t - 2 scrolls of immolation
 v - a scroll of amnesia
 w - a scroll of enchant weapon {unknown}
 B - a scroll of identify
 G - a scroll of silence {unknown}
Potions
 j - 5 potions of curing
 m - 5 potions of flight
 n - a potion of magic
 s - a potion of agility {unknown}
 z - 2 potions of heal wounds {unknown}
Comestibles
 f - 5 rations
 I - 4 chunks of flesh


   Skills:
 + Level 7.0 Fighting
 + Level 9.3 Polearms
 + Level 1.1 Throwing
 + Level 7.2 Armour
 + Level 3.3 Dodging
 + Level 7.7 Shields


You had 9 spell levels left.
You didn't know any spells.
Your spell library contained the following spells:

 Spells                   Type           Power        Failure   Level  Hunger
 Call Imp                 Summ           #.......     94%         2    ###....
 Summon Guardian Golem    Hex/Summ       #.......     99%         3    ####...
 Spellforged Servitor     Conj/Summ      #.........   100%        7    #######


Dungeon Overview and Level Annotations

Branches:
Dungeon (9/15)             Temple (0/1) D:6
   Lair: D:8-11         Orc: D:9-12

Altars:
Ashenzari
Cheibriados
Gozag
Hepliaklqana
Sif Muna
Trog
Wu Jian

Shops:
D:3 *   D:7 (   D:8 *

Annotations:
D:3 KamiKatze's ghost, amateur HaBe


Message History

Your orc hits the two-headed ogre.
The ice beast hits you but does no damage.
You hit the two-headed ogre but do no damage.
The two-headed ogre is heavily wounded.
The two-headed ogre hits you with a dire flail of protection.
* * * LOW HITPOINT WARNING * * *
You block the two-headed ogre's attack.
Okay, then.
Your orc hits the two-headed ogre. You hit the ice beast.
The ice beast is lightly wounded.
Your orc hits the two-headed ogre but does no damage.
The ice beast hits you but does no damage.
Your orc hits the ice beast but does no damage.
You hit the two-headed ogre.
The two-headed ogre is heavily wounded.
The two-headed ogre hits you with a dire flail of protection!!
* * * LOW HITPOINT WARNING * * *
The two-headed ogre hits you with a giant spiked club!
You die...

.<....... "........ .## ####
........######## .##.... .
...........#...##....# ..
.........#.#...#....# ##...
...............#.##.###.(.#
.........#.#)...@OY.....###.
.........#(......#o..†......
.......)(((.....#...o.......
.......(.(##................
....).##(...................
......####............$.....
####.## ##..##.............
#.# ####...#............
#o##... ................


You could see a two-headed ogre, an ice beast and 2 friendly orcs.

Vanquished Creatures
  Pikel (D:8)
  A hippogriff (D:7)
  Edmund (D:6)
  3 sky beasts
  An ice beast (D:7)
  2 ogres
  3 phantoms
  3 centaurs
  2 bullfrogs (D:7)
  4 scorpions
  A killer bee (D:8)
  A howler monkey (D:4)
  2 crimson imps
  A bullfrog zombie (D:6)
  2 quasits (D:3)
  2 orc priests
  A jelly (D:7)
  A bullfrog skeleton (D:6)
  5 orc wizards
  3 iguanas
  4 worker ants
  5 gnolls
  10 adders
  A shadow imp (D:8)
  An ooze (D:3)
  2 adder skeletons (D:5)
  6 worms
  3 leopard geckos
  23 orcs
  3 giant cockroaches
  8 hobgoblins
  6 kobolds
  2 quokkas
  7 bats
  2 frilled lizards (D:1)
  A giant cockroach zombie (D:6)
  2 goblins
  A rat (D:2)
127 creatures vanquished.

Vanquished Creatures (collateral kills)
  An ice beast (D:8)
  An ogre (D:8)
  2 killer bees (D:8)
  An iguana (D:9)
  2 orc wizards (D:9)
  3 worker ants
  2 orcs (D:8)
  A giant cockroach (D:8)
13 creatures vanquished.

Vanquished Creatures (others)
  7 orcs
  A quokka (D:5)
8 creatures vanquished.

Grand Total: 148 creatures vanquished

Notes
Turn   | Place    | Note
-------+----------+-------------------------------------------
     0 | D:1      | P0NYSLAYSTATION the Hill Orc Fighter began the quest for the Orb.
     0 | D:1      | Reached XP level 1. HP: 19/19 MP: 1/1
   199 | D:1      | Reached XP level 2. HP: 27/27 MP: 2/2
   243 | D:2      | Found an ornate altar of the Wu Jian Council.
   243 | D:2      | Found a bloodstained altar of Trog.
   258 | D:2      | Found a hazy altar of Hepliaklqana.
   258 | D:2      | Found a deep blue altar of Sif Muna.
   337 | D:2      | Reached XP level 3. HP: 18/33 MP: 3/3
   530 | D:5      | Entered Level 5 of the Dungeon
   552 | D:5      | Became a worshipper of Beogh the Brigand
  1332 | D:3      | Reached XP level 4. HP: 24/41 MP: 4/4
  1487 | D:3      | Found Gozag's Platinum Reserve.
  1518 | D:3      | Found a transporter.
  1519 | D:3      | Noticed KamiKatze's ghost (amateur HaBe)
  1585 | D:3      | Reached skill level 3 in Polearms
  1770 | D:3      | Found a transporter.
  1848 | D:3      | Reached XP level 5. HP: 43/47 MP: 5/5
  2042 | D:3      | Reached * piety under Beogh
  2200 | D:3      | Found an opulent altar of Gozag.
  2853 | D:4      | Reached skill level 1 in Dodging
  2853 | D:4      | Reached XP level 6. HP: 49/53 MP: 6/6
  2913 | D:4      | Reached skill level 4 in Polearms
  2913 | D:4      | Reached skill level 5 in Armour
  3535 | D:4      | Reached skill level 5 in Shields
  3535 | D:4      | Reached XP level 7. HP: 44/60 MP: 7/7
  3621 | D:4      | Reached skill level 5 in Fighting
  3722 | D:5      | Reached skill level 5 in Polearms
  3882 | D:5      | Identified the Incunabulum of Creation
  3950 | D:5      | Reached ** piety under Beogh
  4589 | D:6      | Reached skill level 6 in Polearms
  4589 | D:6      | Reached XP level 8. HP: 60/69 MP: 8/8
  4910 | D:6      | Found a staircase to the Ecumenical Temple.
  5037 | D:6      | Reached skill level 7 in Polearms
  5149 | D:6      | Noticed Edmund
  5175 | D:6      | Killed Edmund
  5225 | D:6      | Found a snail-covered altar of Cheibriados.
  5377 | D:6      | Found a shattered altar of Ashenzari.
  5727 | D:7      | Reached XP level 9. HP: 63/75 MP: 9/9
  5856 | D:7      | Reached skill level 8 in Polearms
  5991 | D:7      | Found Gozatuage's Antique Weapon Emporium.
  6011 | D:7      | Bought a glowing spear for 138 gold pieces
  6102 | D:7      | Reached *** piety under Beogh
  7194 | D:8      | Reached skill level 9 in Polearms
  7395 | D:8      | Found Efucaen's Assorted Antiques.
  7576 | D:8      | Noticed Pikel
  7580 | D:8      | Killed Pikel
  7580 | D:8      | Reached skill level 1 in Throwing
  7732 | D:9      | Reached XP level 10. HP: 69/86 MP: 10/10
  7753 | D:9      | Noticed a two-headed ogre
  7777 | D:9      | Mangled by a two-headed ogre

Skill      XL: |  1  2  3  4  5  6  7  8  9 |
---------------+----------------------------+-----
Fighting       | 4 5 6 7 |  7.0
Shields        | 4 5 6 7 |  7.7
Armour         | 4 5 6 7 |  7.2
Polearms       | 3 4 6 7 9 |  9.3
Dodging        | 1 2 3 |  3.3
Throwing       | 1 |  1.1

Action                   |  1- 3 |  4- 6 |  7- 9 | 10-12 || total
-------------------------+-------+-------+-------+-------++-------
Melee: Trident           |   125 |   205 |   377 |       ||   707
       Spear             |       |       |   171 |    17 ||   188
Throw: Javelin           |       |       |    11 |       ||    11
       Tomahawk          |       |       |     1 |       ||     1
Invok: Convert to Beogh  |     1 |       |       |       ||     1
       Smiting           |       |       |       |     1 ||     1
Evoke: Wand              |       |       |     1 |       ||     1
  Use: Scroll            |       |     4 |     8 |       ||    12
       Potion            |       |     4 |     1 |       ||     5
  Eat: Chunk             |     2 |     3 |     4 |       ||     9
       Ration            |       |     1 |     5 |       ||     6
Armor: Scale mail        |    45 |   104 |       |       ||   149
       Ring mail         |       |     1 |   114 |     5 ||   120
Dodge: Dodged            |    30 |    63 |   104 |     9 ||   206
Block: Shield            |    51 |   105 |   200 |     7 ||   363
